Map: Hardwire LE

Players

Invincible

  • Race: Terran Terran
  • League: Diamond
  • Spawn Location: 7:00

Pumba - Winner!

  • Race: Protoss Protoss
  • League: Diamond
  • Spawn Location: 1:00

VOD

Have the link to the VOD?

Description

Time

  • Played on: March 8, 2022, 8:47 p.m.
  • Length: 9:46
Show
View Real Time Build Order
Export as new Build Order

Invincible Terran 

Build Orders: Reaper Expand 

Get SALT Encoding   

  12  0:00  SCV  
  13  0:12  SCV  
  14  0:16  Supply Depot  
  14  0:24  SCV  
  15  0:38  SCV  
  15  0:39  Barracks  
  16  0:43  Refinery  
  16  0:50  SCV  
  17  1:02  SCV  
  18  1:14  SCV  
  19  1:27  Reaper, Orbital Command  
  20  1:44  Command Center  
  20  1:53  Supply Depot  
  20  1:56  SCV  
  20  1:59  Marine  
  22  2:08  SCV  
  23  2:11  Factory  
  23  2:19  Refinery  
  23  2:22  Barracks Reactor  
  23  2:26  Bunker  
  23  2:30  SCV  
  24  2:42  SCV  
  25  2:57  SCV, Starport  
  26  3:01  Marine x2  
  26  3:03  Widow Mine  
  26  3:04  Orbital Command  
  30  3:09  SCV  
  31  3:15  Supply Depot  
  31  3:20  Marine x2  
  31  3:21  SCV  
  34  3:28  Widow Mine  
  34  3:30  SCV  
  34  3:33  SCV  
  38  3:34  Medivac  
  40  3:42  SCV  
  40  3:45  SCV  
  40  3:48  Marine x2  
  44  3:51  Factory Tech Lab  
  44  3:52  Supply Depot  
  44  3:54  SCV  
  45  3:57  SCV  
  46  4:05  Marine  
  46  4:06  SCV  
  46  4:08  Supply Depot  
  46  4:09  SCV, Siege Tank  
  52  4:16  Marine  
  53  4:19  SCV  
  53  4:21  Refinery, SCV  
  53  4:22  Liberator  
  58  4:31  SCV  
  59  4:32  Marine  
  59  4:34  SCV, Marine  
  62  4:41  Supply Depot  
  62  4:43  SCV  
  63  4:46  SCV  
  63  4:50  Marine  
  63  4:52  Marine  
  66  5:00  Siege Tank  
  66  5:05  SCV x2, Medivac  
  73  5:07  Marine  
  73  5:09  Command Center  
  73  5:12  Barracks  
  73  5:13  Barracks  
  74  5:16  Supply Depot  
  74  5:17  Marine  
  74  5:19  SCV  
  74  5:21  SCV  
  77  5:25  Marine  
  78  5:36  Supply Depot x2, Starport Reactor  
  78  5:38  SCV, Siege Tank  
  82  5:44  Marine  
  83  5:50  Marine  
  84  6:02  Marine  
  85  6:08  Marine  
  76  6:11  Marine  
  77  6:24  Medivac x2  
  77  6:25  Hellion  
  82  6:29  Supply Depot  
  82  6:30  Supply Depot, Barracks Tech Lab  
  82  6:31  Engineering Bay x2, Barracks Tech Lab  
  78  6:40  Marine  
  78  6:41  Command Center  
  78  6:42  SCV  
  78  6:43  SCV  
  78  6:44  Orbital Command  
  79  6:51  Marauder, Marine x2  
  83  6:55  SCV x2, Stimpack  
  83  6:57  Combat Shield, Marine  
  86  7:07  SCV  
  87  7:08  Marine  
  87  7:12  Medivac, Marine x2  
  92  7:16  Siege Tank, Marine  
  93  7:26  Marine  
  93  7:27  Medivac  
  93  7:29  Marine  
  96  7:30  Marine  
  96  7:34  Marine  
  99  7:42  Medivac  
  101  7:44  SCV x2, Marine  
  101  7:45  Refinery  
  101  7:47  Marine  
  101  7:48  Siege Tank, Marine  
  105  7:51  Marine  
  106  8:00  SCV x3  
  106  8:02  Marine  
  106  8:05  Marine  
  92  8:16  Marine x2  
  91  8:20  Marine  
  91  8:23  Marine  
  91  8:24  SCV x2  
  91  8:25  SCV  
  85  8:34  Siege Tank, Marine x2  
  85  8:36  SCV  
  85  8:37  Marine  
  85  8:40  Refinery, SCV  
  93  8:42  Marauder  
  93  8:46  Barracks  
  95  8:49  Barracks  
  95  8:50  Barracks  
  95  8:51  Refinery, Marine  
  95  8:52  Marine  
  95  8:54  SCV  
  98  8:55  Marine  
  98  8:56  Fusion Core  
  99  9:03  Marauder  
  99  9:09  Marine x2  
  102  9:13  Marine  
  91  9:24  Barracks, Marauder  
  91  9:27  Marine x2  
Show
View Real Time Build Order
Export as new Build Order

Pumba Protoss - Winner!

Build Orders: 1 Gate Expand 

Get SALT Encoding   

  12  0:01  Probe  
  13  0:13  Probe  
  14  0:18  Pylon  
  14  0:25  Probe  
  15  0:37  Probe (Chrono Boost)  
  15  0:38  Gateway  
  16  0:46  Probe (Chrono Boost), Assimilator  
  17  0:51  Probe (Chrono Boost)  
  18  1:03  Probe  
  19  1:16  Probe  
  20  1:28  Nexus  
  20  1:34  Cybernetics Core  
  20  1:36  Probe  
  21  1:49  Probe, Assimilator  
  22  2:01  Probe, Pylon  
  23  2:17  Adept (Chrono Boost)  
  23  2:18  Warp Gate  
  23  2:19  Probe  
  26  2:25  Robotics Facility  
  26  2:32  Probe  
  26  2:43  Probe (Chrono Boost)  
  28  2:48  Probe (Chrono Boost), Stalker (Chrono Boost)  
  30  2:54  Probe (Chrono Boost)  
  32  2:58  Probe (Chrono Boost)  
  32  2:59  Probe (Chrono Boost)  
  33  3:08  Probe  
  33  3:09  Probe  
  35  3:20  Robotics Bay  
  35  3:21  Probe (Chrono Boost)  
  35  3:25  Probe (Chrono Boost)  
  37  3:31  Observer  
  37  3:32  Probe (Chrono Boost), Stalker  
  37  3:34  Probe (Chrono Boost), Pylon  
  42  3:39  Gateway, Probe  
  43  3:43  Gateway  
  43  3:45  Probe  
  44  3:51  Probe  
  44  3:54  Assimilator  
  45  3:56  Assimilator  
  45  3:57  Probe  
  45  4:00  Warp Prism (Chrono Boost)  
  46  4:05  Probe  
  46  4:09  Probe  
  50  4:10  Pylon  
  50  4:18  Probe  
  50  4:21  Probe  
  52  4:28  Disruptor (Chrono Boost)  
  52  4:30  Probe  
  53  4:33  Gravitic Drive  
  53  4:36  Probe, Pylon  
  57  4:42  Stalker  
  57  4:43  Stalker  
  61  4:49  Probe  
  62  4:58  Probe  
  63  5:05  Probe  
  64  5:07  Nexus  
  64  5:10  Probe  
  64  5:11  Stalker  
  67  5:18  Pylon  
  67  5:26  Observer  
  67  5:30  Observer  
  67  5:33  Stalker  
  69  5:53  Probe x2  
  71  5:57  Pylon  
  71  5:59  Twilight Council  
  71  6:01  Forge  
  71  6:05  Stalker x3  
  71  6:06  Gateway  
  71  6:09  Gateway  
  71  6:10  Gateway  
  73  6:31  Probe  
  73  6:32  Disruptor (Chrono Boost)  
  74  6:39  Robotics Facility  
  77  6:41  Probe x2  
  77  6:44  Probe  
  80  6:51  Shield Battery  
  80  6:53  Shield Battery  
  80  6:54  Stalker x2  
  80  6:59  Pylon  
  80  7:00  Pylon  
  84  7:01  Shield Battery  
  84  7:02  Pylon  
  84  7:03  Disruptor  
  87  7:10  Charge (Chrono Boost)  
  87  7:12  Protoss Ground Weapons Level 1 (Chrono Boost), Zealot x2  
  87  7:13  Stalker x2  
  95  7:26  Probe x2  
  95  7:28  Shield Battery  
  97  7:30  Pylon  
  97  7:35  Observer  
  97  7:37  Disruptor  
  97  7:39  Disruptor  
  103  7:57  Probe  
  103  7:58  Probe x2  
  106  8:10  Probe (Chrono Boost)  
  109  8:12  Assimilator  
  109  8:15  Probe (Chrono Boost)  
  109  8:16  Probe (Chrono Boost), Assimilator, Forge  
  103  8:23  Probe (Chrono Boost)  
  100  8:37  Gateway  
  100  8:38  Gateway  
  100  8:42  Probe  
  100  8:43  Probe  
  100  8:45  Probe  
  100  8:46  Stalker  
  100  8:47  Stalker x5  
  118  8:56  Observer (Chrono Boost)  
  118  9:01  Disruptor (Chrono Boost)  
  119  9:08  Pylon  
  119  9:09  Observer (Chrono Boost)  
  119  9:10  Pylon  
  119  9:14  Pylon  
  120  9:25  Zealot x5  
  120  9:26  Zealot  
Tags
 
Add a new tag
Caveats
  • Supply blocks, unpowered buildings, or Contaminate may cause inaccurate times.
  • Supply counts are checked every 10 seconds.